 Dungeon Crawl Stone Soup version 0.32-a0-419-gb849e8b (webtiles) character file.

Game seed: 2896250501837380832

18521 skewfiend the Severer (level 12, -5/169 HPs)
             Began as a Mountain Dwarf Fighter on Feb 21, 2024.
             Was a High Priest of Trog.
             Slain by a worldbinder (6 damage)
             ... in a Gauntlet.
             The game lasted 00:32:07 (10018 turns).

skewfiend the Severer (Mountain Dwarf Fighter)     Turns: 10018, Time: 00:32:08

Health: -5/169     AC: -2    Str: 22    XL:     12   Next: 28%
Magic:  12/12      EV:  6    Int:  9    God:    Trog [*****.]
Gold:   795        SH:  5    Dex: 13    Spells: 11/11 levels left

rFire   + . .        a - +0 war axe
rCold   . . .        c - +0 buckler
rNeg    + . .        i - +0 plate armour
rPois   +            u - +2 hat
rElec   +            J - +1 cloak
rCorr   .            (no gloves)
SInv    .            b - +0 pair of boots
Will    ++++.        A - amulet of regeneration Stlth
                     s - ring of Igeadu {rElec rPois Will+ Dex+2}
HPRegen 2.28/turn    I - ring "Aqefawygott" {rPois rF+ rN+}
MPRegen 0.13/turn

%: no teleportation
@: mighty, berserking (expiring), strong-willed, corroded, regenerating, very
quick
A: runic magic, artefact enchanting, horns 1, wild magic 1
a: Renounce Religion, Berserk, Trog's Hand, Brothers in Arms


You were in a Gauntlet.
You worshipped Trog.
Trog was extremely pleased with you.
You visited 2 branches of the dungeon, and saw 12 of its levels.
You also visited: Ossuary and Gauntlet.

You collected 885 gold pieces.
You spent 90 gold pieces at shops.

Inventory:

Hand Weapons
 a - a +0 war axe (weapon)
 G - a +2 hand axe
Missiles
 l - 67 stones (quivered)
 n - 19 boomerangs
 L - 3 silver javelins
 W - 3 throwing nets
 X - 23 poisoned darts
Armour
 b - a +0 pair of boots (worn)
 c - a +0 buckler (worn)
 i - a +0 plate armour (worn)
 m - a +2 helmet of intelligence
 u - a +2 hat (worn)
 J - a +1 cloak (worn)
Jewellery
 q - a ring of protection from cold
 s - the ring of Igeadu (left hand) {rElec rPois Will+ Dex+2}
   (You found it in a Gauntlet)

   [ring of poison resistance]

   Dex+2:     It affects your dexterity (+2).
   rElec:     It insulates you from electricity.
   rPois:     It protects you from poison Will+: It increases your willpower.
 A - an amulet of regeneration (around neck)
 I - the ring "Aqefawygott" (right hand) {rPois rF+ rN+}
   (You found it on level 10 of the Dungeon)

   [ring of protection from fire]

   rF+:       It protects you from fire.
   rPois:     It protects you from poison rN+: It protects you from negative
   energy.
Wands
 k - a wand of polymorph (11)
 N - a wand of flame (29)
 U - a wand of digging (5)
 V - a wand of iceblast (9)
 Y - a wand of mindburst (9)
 Z - a wand of quicksilver (8)
Scrolls
 f - a scroll of torment {unknown}
 h - 3 scrolls of fear
 j - 7 scrolls of teleportation
 o - 2 scrolls of fog
 r - a scroll of immolation
 y - a scroll of revelation
 z - 2 scrolls of summoning
 C - 4 scrolls of blinking
 F - a scroll of silence
 M - 3 scrolls of identify
 O - a scroll of poison
Potions
 d - 3 potions of might
 e - a potion of ambrosia
 g - 2 potions of magic
 p - 7 potions of curing
 t - a potion of berserk rage
 E - 3 potions of haste
 H - a potion of heal wounds
 Q - 2 potions of cancellation
 T - a potion of invisibility


   Skills:
 * Level 12.3 Fighting
 - Level 19.6 Axes
 + Level 3.7 Armour
 + Level 0.9 Dodging
 + Level 3.7 Shields
 + Level 1.3 Evocations


You had 11 spell levels left.
You didn't know any spells.
Your spell library contained the following spells:

 Spells                   Type           Power      Damage    Failure   Level
 Magic Dart               Conj           0%         1d3       78%         1
 Blink                    Tloc           0%         N/A       89%         2
 Call Imp                 Summ           0%         N/A       89%         2
 Cigotuvi's Dreadful Rot  Necr/Alch/Air  0%         N/A       89%         2
 Ensorcelled Hibernation  Hex/Ice        0%         N/A       89%         2
 Lesser Beckoning         Tloc           0%         N/A       89%         2
 Momentum Strike          Conj/Tloc      0%         3d8       89%         2
 Call Canine Familiar     Summ           0%         N/A       98%         3
 Dazzling Flash           Conj/Hex       0%         N/A       98%         3
 Passwall                 Erth           0%         N/A       98%         3
 Sigil of Binding         Hex            0%         N/A       98%         3
 Summon Ice Beast         Ice/Summ       0%         N/A       98%         3
 Swiftness                Air            0%         N/A       98%         3
 Volatile Blastmotes      Fire/Tloc      0%         2d10      98%         3
 Dimensional Bullseye     Hex/Tloc       0%         N/A       100%        4
 Dispel Undead            Necr           0%         3d6       100%        4
 Fulminant Prism          Conj/Alch      0%         3d5       100%        4
 Iskenderun's Mystic Bla  Conj/Tloc      0%         2d3       100%        4
 Manifold Assault         Tloc           0%         N/A       100%        4
 Martyr's Knell           Necr/Summ      0%         N/A       100%        4
 Vhi's Electric Charge    Tloc/Air       0%         N/A       100%        4
 Arcjolt                  Conj/Air       0%         1d10      100%        5
 Iskenderun's Battlesphe  Conj           0%         2d6       100%        5
 Summon Mana Viper        Hex/Summ       0%         N/A       100%        5
 Bombard                  Conj/Erth      0%         9d1       100%        6
 Death Channel            Necr           0%         N/A       100%        6
 Dispersal                Tloc           0%         N/A       100%        6
 Starburst                Conj/Fire      0%         6d3       100%        6
 Monstrous Menagerie      Summ           0%         N/A       100%        7
 Spellforged Servitor     Conj/Summ      0%         N/A       100%        7
 Disjunction              Tloc           0%         N/A       100%        8
 Maxwell's Capacitive Co  Air            0%         ∞         100%        8


Dungeon Overview and Level Annotations

Branches:
Dungeon (11/15)            Temple (0/1) D:4            Lair (1/5) D:11
Ossuary (visited)         Gauntlet (1/1)
    Orc: D:9-12

Altars:
Cheibriados
Dithmenos
Elyvilon
Fedhas
Gozag
Hepliaklqana
Makhleb
Qazlal
Ru
Trog
Uskayaw
Vehumet
Wu Jian
Xom
Yredelemnul
Zin
The Shining One

Shops:
D:6 [

Annotations:
D:6 dig
D:9 3 runed translucent doors, exclusion: orange crystal statue, Ubbricas's ghost, novice OpSh
D:10 fly
D:11 2 transporters Gauntlet 5 transporters, 21 runed translucent doors


Innate Abilities, Weirdness & Mutations

Your spellcasting is much less encumbered by armour.
You can use scrolls of enchantment on lesser artefacts.
You have a pair of small horns on your head.
Your spells are a little harder to cast, but a little more powerful.


Message History

The worldbinder hits you!
* * * LOW HITPOINT WARNING * * *
Unknown command.
You slash the worldbinder!
You headbutt the worldbinder, but do no damage.
The worldbinder is heavily damaged.
You hit the demonic plant. The goliath frog hits you from afar!
* * * LOW HITPOINT WARNING * * *
You are splashed with acid.
* * * LOW HITPOINT WARNING * * *
You block the goliath frog's attack. The worldbinder hits you.
* * * LOW HITPOINT WARNING * * *
The worldbinder barely misses you.
You slash the worldbinder! Your headbutt misses the worldbinder.
The worldbinder is severely damaged.
You hit the demonic plant. You slash the swamp drake!
You block the goliath frog's attack. The goliath frog barely misses you.
The worldbinder hits you.
* * * LOW HITPOINT WARNING * * *
The worldbinder hits you.
* * * LOW HITPOINT WARNING * * *
The swamp drake bites you!
* * * LOW HITPOINT WARNING * * *
Unknown command.
You are too berserk!
You hit the worldbinder but do no damage.
You headbutt the worldbinder, but do no damage.
The worldbinder is severely damaged.
You hit the demonic plant but do no damage.
You barely miss the swamp drake.
Unknown command.
You completely miss the worldbinder.
The worldbinder is severely damaged.
You slash the demonic plant!
You hit the swamp drake but do no damage.
A nearby demonic plant withers and dies.
The worldbinder hits you.
* * * LOW HITPOINT WARNING * * *
The worldbinder hits you.
You die...

#.©.#....≈....#.©.#.....#ß#
#...#.ß.≈ß≈.ß.#...#.ß...###
#.©.#....≈....#.©.#.....#
########...###########..###
.#.#...#...#.........#..#ß#
#...#..#...#..P......#..###
#...##.#...#..#.FP#..#..#####
.#.##..#...#...kx.F..#..#§ß§#
..©.#.©#...#....@...©#..#...##
.#.##..#...#.........#..#.ß...
#...##=#...#..#...#.!#..#...##
#...#..#...#.........#..#.ß.##
.#.#...#...#.........#..#.....
########...###########..#...##
.........≈............§≈#.©.##
........≈ß≈............§#.....
.........§§§...........≈#.©.##


You could see 2 goliath frogs, a worldbinder and a swamp drake (summoned).

Vanquished Creatures
  Gastronok (Lair:1)
  Harold (D:10)
  A two-headed ogre (D:10)
  A flayed ghost (D:10)
  A cyclops (D:11)
  A rust devil (Gauntlet)
  A gargoyle (D:10)
  The ghost of Dega the Cleaver, a novice CoFi of Qazlal (D:5)
  Grinder (D:5)
  A slime creature (D:9)
  A ynoxinul (Gauntlet)
  5 centaur simulacra (Gauntlet)
  4 wyverns
  4 shadows
  5 wraiths (D:10)
  A basilisk (D:11)
  4 fire bats (D:10)
  24 yaks
  3 steam dragons
  3 vampire mosquitoes (D:11)
  Edmund (D:5)
  2 acid dragons (D:9)
  5 water moccasins
  An orc warrior (D:7)
  An ice beast (D:6)
  3 black bears
  2 boggarts (Gauntlet)
  An ogre (D:4)
  4 wolves
  3 centaurs
  A phantom (D:5)
  4 kobold brigands
  3 bullfrogs
  A gnoll sergeant (D:8)
  A scorpion (D:5)
  A cane toad simulacrum (Gauntlet)
  A water moccasin zombie (D:5)
  10 wights
  A hornet simulacrum (Gauntlet)
  2 water moccasin skeletons (D:5)
  27 killer bees
  2 electric eels (D:10)
  2 howler monkeys (D:8)
  A crimson imp (D:3)
  7 jellies
  4 hounds
  Crazy Yiuf (D:5)
  4 orc priests
  A sleepcap (D:6)
  2 iron imps (Gauntlet)
  4 iguanas
  4 orc wizards
  A boggart simulacrum (Gauntlet)
  8 mummies (Ossuary)
  4 adders
  6 gnolls
  4 shadow imps
  2 white imps
  2 ufetubi (D:6)
  4 dart slugs
  A ribbon worm (D:3)
  23 orcs
  24 endoplasms
  A gnoll zombie (Ossuary)
  6 goblins
  6 hobgoblins
  11 jackals
  3 quokkas
  3 ball pythons
  10 bats
  2 frilled lizards
  3 hobgoblin zombies (Ossuary)
  30 kobolds
  A kobold zombie (Ossuary)
  3 orc zombies (Ossuary)
  3 rats
332 creatures vanquished.

Notes
Turn   | Place    | Note
-------+----------+-------------------------------------------
     0 | D:1      | skewfiend the Mountain Dwarf Fighter began the quest for
                  | the Orb.
     0 | D:1      | Reached XP level 1. HP: 19/19 MP: 1/1
     1 | D:1      | Noticed an electric eel
   179 | D:1      | Reached XP level 2. HP: 26/26 MP: 2/2
   276 | D:1      | Reached skill level 3 in Axes
   284 | D:1      | You fall into a shaft and drop 1 floor!
   463 | D:2      | Reached XP level 3. HP: 33/33 MP: 3/3
   833 | D:2      | Found a faded altar of an unknown god.
   911 | D:2      | Prayed at the altar of an unknown god.
   911 | D:2      | Became a worshipper of Trog the Wrathful
   911 | D:2      | Reached * piety under Trog
  1075 | D:3      | Reached skill level 4 in Axes
  1094 | D:3      | Found a basalt altar of Yredelemnul.
  1209 | D:3      | Found an opulent altar of Gozag.
  1211 | D:3      | Found Zin's Purification Station.
  1240 | D:3      | Found a glowing silver altar of Zin.
  1245 | D:3      | Bought a potion of curing for 90 gold pieces
  1306 | D:3      | Reached XP level 4. HP: 40/40 MP: 4/4
  1332 | D:3      | Found a sacrificial altar of Ru.
  1650 | D:3      | Found a burning altar of Makhleb.
  1650 | D:3      | Found a shimmering altar of Xom.
  1657 | D:3      | Paralysed by a crimson imp for 1 turns
  1663 | D:3      | Reached skill level 5 in Axes
  1836 | D:4      | Reached XP level 5. HP: 46/47 MP: 5/5
  1840 | D:4      | Reached ** piety under Trog
  1881 | D:4      | Found a staircase to the Ecumenical Temple.
  1901 | D:4      | Reached skill level 6 in Axes
  1904 | D:4      | Reached skill level 7 in Axes
  1904 | D:4      | Reached XP level 6. HP: 19/53 MP: 6/6
  2044 | D:4      | Gained mutation: Your spells are a little harder to cast,
                  | but a little more powerful. [potion of mutation]
  2044 | D:4      | Gained mutation: You have a pair of small horns on your
                  | head. [potion of mutation]
  2255 | D:4      | Reached skill level 8 in Axes
  2395 | D:4      | Found a hazy altar of Hepliaklqana.
  2437 | D:5      | Entered Level 5 of the Dungeon
  2484 | D:5      | Noticed a water moccasin
  2497 | D:5      | Reached XP level 7. HP: 59/60 MP: 7/7
  2597 | D:5      | Reached skill level 9 in Axes
  2766 | D:5      | Found a transporter.
  2768 | D:5      | Noticed Dega's ghost (novice CoFi)
  2797 | D:5      | Noticed Edmund
  2813 | D:5      | Killed Edmund
  2814 | D:5      | Reached skill level 5 in Fighting
  2934 | D:5      | Reached skill level 10 in Axes
  3008 | D:5      | Found a transporter.
  3063 | D:5      | Reached XP level 8. HP: 52/68 MP: 8/8
  3155 | D:5      | Noticed Grinder
  3165 | D:5      | Killed Grinder
  3166 | D:5      | Reached skill level 11 in Axes
  3287 | D:5      | Found a runed translucent door.
  3288 | D:5      | Noticed Crazy Yiuf
  3809 | D:5      | Killed Crazy Yiuf
  3961 | D:6      | Found Geixoth's Armour Shop.
  4041 | D:6      | Reached skill level 12 in Axes
  4349 | D:6      | Reached XP level 9. HP: 75/75 MP: 9/9
  4522 | D:7      | Found a sand-covered staircase.
  4536 | D:7      | Reached skill level 13 in Axes
  4540 | D:7      | Reached *** piety under Trog
  4568 | Ossuary  | Entered an ossuary
  5193 | D:7      | Reached skill level 14 in Axes
  5692 | D:8      | Reached **** piety under Trog
  5701 | D:8      | Reached skill level 15 in Axes
  5727 | D:8      | Reached XP level 10. HP: 61/86 MP: 10/10
  5834 | D:8      | Found a glowing golden altar of the Shining One.
  6183 | D:9      | Noticed an orange crystal statue
  6281 | D:9      | Found a runed translucent gate.
  6282 | D:9      | Found a runed translucent gate.
  6283 | D:9      | Noticed Ubbricas's ghost (novice OpSh)
  6290 | D:9      | Found a runed translucent gate.
  6616 | D:9      | Reached skill level 16 in Axes
  7320 | D:5      | Killed Dega's ghost
  7321 | D:5      | Reached skill level 17 in Axes
  7512 | D:10     | Entered Level 10 of the Dungeon
  7745 | D:10     | Identified the amulet "Daotet" {RegenMP rF+}
  7812 | D:10     | Found a white marble altar of Elyvilon.
  7813 | D:10     | Noticed a gargoyle
  7835 | D:10     | Killed a gargoyle
  7836 | D:10     | Reached XP level 11. HP: 39/97 MP: 11/11
  7894 | D:10     | Found a shadowy altar of Dithmenos.
  7895 | D:10     | Found a snail-covered altar of Cheibriados.
  7895 | D:10     | Found a radiant altar of Vehumet.
  7897 | D:10     | Found an ornate altar of the Wu Jian Council.
  7899 | D:10     | Noticed a two-headed ogre
  7909 | D:10     | Killed a two-headed ogre
  8004 | D:10     | Noticed Harold
  8024 | D:10     | Killed Harold
  8025 | D:10     | Reached skill level 10 in Fighting
  8174 | D:10     | Found a runed translucent door.
  8185 | D:10     | Reached skill level 18 in Axes
  8200 | D:10     | Found a glowing golden altar of the Shining One.
  8210 | D:10     | Found a blossoming altar of Fedhas.
  8222 | D:10     | Found a hide-covered altar of Uskayaw.
  8236 | D:10     | Found a basalt altar of Yredelemnul.
  8338 | D:10     | Found a shadowy altar of Dithmenos.
  8371 | D:10     | Reached ***** piety under Trog
  8387 | D:10     | Found a stormy altar of Qazlal.
  8779 | D:10     | Noticed a flayed ghost
  8791 | D:10     | Killed a flayed ghost
  8799 | D:10     | Identified the ring "Aqefawygott" {rPois rF+ rN+}
  8946 | D:11     | Reached skill level 19 in Axes
  9072 | D:11     | Noticed a boulder beetle
  9079 | D:11     | Found a transporter.
  9115 | D:11     | Reached XP level 12. HP: 75/112 MP: 12/12
  9164 | D:11     | Noticed a boulder beetle
  9214 | D:11     | Found a transporter.
  9348 | D:11     | Found a staircase to the Lair.
  9365 | Lair:1   | Entered Level 1 of the Lair of Beasts
  9433 | Lair:1   | Noticed Gastronok
  9465 | Lair:1   | Killed Gastronok
  9472 | Lair:1   | Found a gate leading to a gauntlet.
  9478 | Gauntlet | Entered a Gauntlet
  9478 | Gauntlet | Found a transporter.
  9478 | Gauntlet | Found a transporter.
  9478 | Gauntlet | Found a transporter.
  9482 | Gauntlet | Found a transporter.
  9483 | Gauntlet | Found a transporter.
  9484 | Gauntlet | Found a large runed translucent door.
  9485 | Gauntlet | Found a large runed translucent door.
  9486 | Gauntlet | Found a large runed translucent door.
  9486 | Gauntlet | Found a large runed translucent door.
  9486 | Gauntlet | Found a runed translucent door.
  9488 | Gauntlet | Found a large runed translucent door.
  9495 | Gauntlet | Found a transporter.
  9504 | Gauntlet | Found a transporter.
  9511 | Gauntlet | Found a transporter.
  9512 | Gauntlet | Found a transporter.
  9519 | Gauntlet | Found a transporter.
  9521 | Gauntlet | Found a transporter.
  9533 | Gauntlet | Found a large runed translucent door.
  9534 | Gauntlet | Found a large runed translucent door.
  9535 | Gauntlet | Found a large runed translucent door.
  9537 | Gauntlet | Found a runed translucent gate.
  9549 | Gauntlet | Found a transporter.
  9549 | Gauntlet | Found a runed translucent gate.
  9550 | Gauntlet | Found a runed translucent gate.
  9551 | Gauntlet | Found a large runed translucent door.
  9551 | Gauntlet | Found a large runed translucent door.
  9552 | Gauntlet | Found a large runed translucent door.
  9553 | Gauntlet | Found a large runed translucent door.
  9563 | Gauntlet | Found a large runed translucent door.
  9563 | Gauntlet | Found a large runed translucent door.
  9563 | Gauntlet | Found a runed translucent door.
  9564 | Gauntlet | Found a large runed translucent door.
  9565 | Gauntlet | Found a large runed translucent door.
  9571 | Gauntlet | Noticed a death scarab
  9571 | Gauntlet | Noticed a death scarab
  9951 | Gauntlet | Reached skill level 1 in Evocations
  9962 | Gauntlet | Identified the ring of Igeadu {rElec rPois Will+ Dex+2}
 10016 | Gauntlet | HP: 5/169 [swamp drake[a worldbinder] (7)]
 10018 | Gauntlet | HP: 1/169 [worldbinder (6)]
 10018 | Gauntlet | Slain by a worldbinder

Illustrated notes

Levels and vault maps discovered:
D:1:      arrival_aquarium_a, layout_loops_cross, nicolae_grassy_gnolls
D:2:      layout_basic, basic_ecumenical_altar
D:3:      layout_rooms, grunt_temple_overflow_champion_of_chaos,
          nicolae_gozag_seed_capital, yredelemnul_altar_generic,
          hangedman_ru_absence, zin_purify, hex_intersection
D:4:      layout_rooms, mainiacjoe_overflow_brackets,
          minmay_temple_entry_statues, minivault_1
D:5:      layout_layer_cave, gammafunk_ghost_mausoleum, uniq_grinder,
          uniq_edmund, uniq_crazy_yiuf_cottage
D:6:      layout_basic, serial_shops, shop, item_on_display_a
D:7:      layout_basic, enter_ossuary_1
D:8:      layout_rooms, mainiacjoe_overflow_tiny_flanked, chequers_arboretum
D:9:      lemuel_slime, layout_loops_ring, ebering_ghost_rock_garden,
          minivault_15, minmay_unpleasant_kobolds
D:10:     due_megacathedral, layout_gridville, grunt_temple_overflow_open,
          water_maze_lemuel, uniq_harold
D:11:     gammafunk_the_bubble [the_bubble_gammafunk_grid], layout_cross,
          minmay_lair_entry_grove
Lair:1:   cheibrodos_lair_river_kwai, layout_chaotic_city,
          gauntlet_entry_generic, infiniplex_staircase_pool, lemuel_fruit_tree,
          serial_bayou_shore_b, serial_bayou_shore_b, uniq_gastronok
Gauntlet: gammafunk_gauntlet_shortcut [gammafunk_gauntlet_arena_spirals,
          minmay_gauntlet_arena_make_your_own_arena,
          gammafunk_gauntlet_arena_chambers, gammafunk_gauntlet_arena_mazey,
          gammafunk_gauntlet_arena_crates, gammafunk_gauntlet_arena_hedges,
          gauntlet_exit_green]

Skill      XL: |  1  2  3  4  5  6  7  8  9 10 11 12 |
---------------+-------------------------------------+-----
Axes           | 3 4 5 7 8 10 12 15 17 19 | 19.6
Fighting       | 4 5 6 7 9 11 12 | 12.3
Evocations     | 1 |  1.3
Armour         | |  3.7
Dodging        | |  0.9
Shields        | |  3.7

Action                     |  1- 3 |  4- 6 |  7- 9 | 10-12 || total
---------------------------+-------+-------+-------+-------++-------
  Melee: War axe           |    82 |   137 |   342 |   538 ||  1099
         Headbutt          |       |     4 |    73 |   107 ||   184
  Throw: Stone             |       |       |    15 |     5 ||    20
         Dart              |       |       |       |     5 ||     5
 Invoke: Berserk           |       |     4 |     2 |     8 ||    14
         Trog's Hand       |       |     1 |     2 |     8 ||    11
    Use: Scroll            |       |     6 |     9 |    13 ||    28
         Potion            |       |     2 |     1 |     2 ||     5
 Armour: Scale mail        |    15 |       |       |       ||    15
         Plate armour      |    48 |   156 |   252 |   562 ||  1018
  Dodge: Dodged            |    28 |    36 |    57 |   126 ||   247
  Block: Buckler           |    15 |    19 |    48 |    92 ||   174

Table legend: (Time is in decaauts)
 A = Elapsed time spent in this place.
 B = Non-inter-level travel time spent in this place.
 C = Inter-level travel time spent in this place.
 D = Time resting spent in this place.
 E = Time spent auto-exploring this place.
 F = Levels seen in this place.
 G = Mean time per level.
                   A        B        C        D        E       F      G
               +--------+--------+--------+--------+--------+-----+--------+
         Total |   9992 |   9258 |    734 |    115 |   6440 |  14 |  713.7 |
       Dungeon |   9100 |   8400 |    700 |     91 |   6304 |  11 |  827.3 |
          Lair |    103 |     69 |     34 |      0 |      0 |   1 |  103.0 |
       Ossuary |    266 |    266 |      0 |     24 |    129 |   1 |  266.0 |
      Gauntlet |    522 |    522 |      0 |      0 |      7 |   1 |  522.0 |
               +--------+--------+--------+--------+--------+-----+--------+

Top non-repeatable levels by time:
     D:5: 1619 daAuts
    D:10: 1491 daAuts
     D:9: 1228 daAuts
     D:7: 870 daAuts
     D:3: 805 daAuts
     D:2: 728 daAuts
     D:4: 676 daAuts
     D:6: 568 daAuts
Gauntlet: 522 daAuts
     D:8: 487 daAuts
    D:11: 330 daAuts
     D:1: 294 daAuts
 Ossuary: 266 daAuts
  Lair:1: 103 daAuts
